Map: Ulrena

Players

PartinG - Winner!

  • Race: Protoss Protoss

Crimson

  • Race: Zerg Zerg

Event: NationWars III

VOD

Have the link to the VOD?

Description

Time

  • Played on: Dec. 12, 2015, 1:35 p.m.
  • Length: 10:08
Show
View Real Time Build Order
Export as new Build Order

PartinG Protoss - Winner!

Build Orders: Nexus First 

Get SALT Encoding   

  12  0:01  Probe (Chrono Boost)  
  13  0:12  Probe (Chrono Boost)  
  14  0:24  Pylon  
  14  0:25  Probe (Chrono Boost)  
  15  0:42  Probe (Chrono Boost)  
  16  0:52  Probe (Chrono Boost)  
  17  1:03  Nexus  
  17  1:11  Gateway  
  17  1:13  Probe (Chrono Boost)  
  18  1:19  Assimilator  
  18  1:24  Probe (Chrono Boost)  
  19  1:27  Assimilator  
  19  1:34  Probe (Chrono Boost)  
  20  1:45  Probe (Chrono Boost)  
  21  1:55  Probe (Chrono Boost)  
  21  1:59  Cybernetics Core  
  21  2:00  Gateway  
  22  2:06  Probe (Chrono Boost)  
  23  2:16  Probe (Chrono Boost)  
  23  2:17  Probe (Chrono Boost)  
  25  2:26  Probe (Chrono Boost)  
  25  2:27  Probe (Chrono Boost)  
  27  2:35  Stalker (Chrono Boost)  
  27  2:36  Warp Gate  
  29  2:38  Probe (Chrono Boost)  
  29  2:39  Mothership Core (Chrono Boost)  
  32  2:47  Stalker (Chrono Boost)  
  32  2:49  Probe  
  35  2:53  Pylon  
  35  3:00  Probe  
  35  3:05  Stalker (Chrono Boost)  
  38  3:11  Probe  
  38  3:12  Probe  
  40  3:14  Stalker (Chrono Boost)  
  42  3:23  Probe  
  43  3:30  Pylon  
  43  3:32  Pylon  
  43  3:33  Pylon  
  43  3:38  Probe (Chrono Boost)  
  43  3:43  Probe (Chrono Boost)  
  44  3:50  Probe (Chrono Boost)  
  45  3:58  Probe (Chrono Boost)  
  45  4:00  Probe (Chrono Boost)  
  45  4:01  Forge, Robotics Facility  
  47  4:05  Assimilator  
  47  4:07  Assimilator  
  47  4:08  Twilight Council  
  47  4:09  Pylon  
  47  4:12  Probe x2 (Chrono Boost)  
  49  4:20  Pylon x2  
  49  4:25  Probe x2 (Chrono Boost)  
  51  4:36  Probe x2 (Chrono Boost)  
  47  4:40  Nexus  
  45  4:51  Robotics Bay  
  45  4:53  Probe x2 (Chrono Boost)  
  45  4:58  Protoss Ground Weapons Level 1 (Chrono Boost)  
  47  5:00  Adept x2  
  47  5:02  Photon Cannon  
  47  5:03  Pylon  
  47  5:05  Probe x2 (Chrono Boost)  
  53  5:09  Pylon  
  53  5:13  Pylon, Warp Prism  
  53  5:16  Blink (Chrono Boost)  
  53  5:20  Probe  
  56  5:21  Probe  
  57  5:32  Probe  
  57  5:33  Probe  
  57  5:34  Stalker  
  61  5:36  Sentry  
  61  5:39  Pylon  
  61  5:42  Gravitic Drive (Chrono Boost)  
  63  5:45  Probe x2  
  65  5:51  Disruptor  
  65  5:53  Probe (Chrono Boost), Photon Cannon  
  69  6:00  Probe x2 (Chrono Boost)  
  71  6:05  Sentry, Probe (Chrono Boost)  
  71  6:08  Pylon  
  75  6:12  Probe (Chrono Boost)  
  75  6:13  Probe (Chrono Boost), Pylon  
  75  6:15  Probe (Chrono Boost)  
  77  6:18  Pylon  
  77  6:22  Disruptor  
  77  6:24  Gateway x2  
  77  6:27  Probe (Chrono Boost)  
  77  6:29  Probe x2 (Chrono Boost)  
  83  6:35  Sentry x2  
  83  6:39  Photon Cannon  
  87  6:43  Gateway, Probe (Chrono Boost)  
  87  6:44  Probe (Chrono Boost)  
  89  6:49  Probe (Chrono Boost)  
  90  6:54  Assimilator  
  90  6:55  Disruptor  
  90  6:56  Assimilator  
  90  7:00  Pylon  
  93  7:02  Protoss Ground Weapons Level 2 (Chrono Boost)  
  93  7:06  Probe x3  
  96  7:18  Gateway  
  96  7:21  Gateway  
  96  7:22  Gateway  
  96  7:23  Gateway  
  96  7:27  Disruptor  
  96  7:28  Stalker x4  
  104  7:33  Resonating Glaives  
  104  7:34  Pylon  
  104  7:35  Pylon  
  107  7:50  Pylon  
  107  7:56  Stalker x5  
  112  8:00  Probe x2, Disruptor  
  112  8:03  Photon Cannon  
  114  8:06  Pylon  
  114  8:08  Pylon  
  117  8:17  Photon Cannon  
  110  8:30  Stalker  
  110  8:31  Stalker x5  
  110  8:32  Stalker x2  
  110  8:43  Probe x2, Disruptor  
  111  8:49  Probe  
  115  8:55  Probe x2  
  117  9:07  Nexus  
  115  9:14  Photon Cannon  
  115  9:17  Observer  
  116  9:27  Stalker x3  
  116  9:29  Stalker  
  122  9:36  Stalker x2  
  123  9:42  Stalker x2  
  109  9:56  Probe  
  109  9:59  Stalker x4  
Show
View Real Time Build Order
Export as new Build Order

Crimson Zerg 

Build Orders: 3 Hatch before Pool 

Get SALT Encoding   

  12  0:00  Drone  
  13  0:13  Overlord  
  13  0:17  Drone  
  14  0:24  Drone, Extractor  
  15  0:31  Drone  
  15  0:35  Drone  
  17  0:53  Hatchery  
  17  0:56  Drone  
  17  1:00  Drone  
  18  1:15  Drone  
  19  1:24  Hatchery  
  18  1:36  Spawning Pool  
  18  1:38  Drone  
  18  1:42  Drone  
  19  1:48  Drone  
  20  1:55  Drone  
  21  2:02  Drone  
  21  2:07  Drone  
  23  2:13  Drone  
  24  2:16  Extractor  
  24  2:17  Overlord  
  23  2:23  Queen  
  23  2:24  Zergling x2  
  23  2:26  Queen  
  28  2:36  Drone  
  28  2:37  Drone x2  
  32  2:39  Drone  
  32  2:42  Queen  
  35  2:47  Overlord  
  35  2:49  Drone  
  36  2:51  Drone  
  36  2:55  Drone  
  36  2:57  Drone, Extractor  
  38  2:59  Extractor  
  38  3:04  Queen  
  39  3:07  Overlord  
  39  3:09  Drone  
  39  3:12  Drone  
  41  3:15  Drone  
  41  3:18  Zergling x2  
  42  3:26  Zergling x4  
  44  3:31  Zergling x6  
  47  3:35  Zergling x6  
  50  3:43  Zergling x6  
  52  3:51  Overlord x2  
  52  3:55  Roach Warren  
  47  4:00  Zergling x2  
  47  4:01  Zergling x6  
  49  4:06  Overlord  
  49  4:07  Overlord  
  48  4:18  Zergling x8  
  50  4:30  Drone x6  
  53  4:35  Drone  
  53  4:37  Lair  
  50  4:38  Drone x2  
  51  4:45  Drone  
  51  4:48  Drone  
  51  4:52  Drone  
  52  4:55  Drone  
  52  4:58  Drone x2  
  55  5:03  Extractor  
  55  5:04  Extractor  
  55  5:06  Drone x4  
  54  5:20  Metabolic Boost  
  54  5:21  Overlord x2  
  54  5:26  Roach  
  54  5:27  Roach  
  60  5:28  Roach  
  60  5:29  Roach x3  
  60  5:33  Roach x2  
  70  5:40  Glial Reconstitution  
  70  5:43  Drone x3, Spire  
  70  5:44  Queen  
  73  5:52  Drone x5  
  78  5:58  Drone  
  78  5:59  Drone x2  
  78  6:01  Extractor  
  78  6:03  Overlord x2  
  80  6:08  Drone  
  80  6:10  Evolution Chamber  
  80  6:11  Drone  
  80  6:15  Roach  
  80  6:16  Roach x3  
  89  6:19  Overlord  
  89  6:22  Roach  
  89  6:25  Roach x3  
  97  6:26  Roach  
  97  6:27  Overseer  
  99  6:33  Roach x2  
  99  6:36  Overlord  
  103  6:43  Overlord x2  
  103  6:47  Zergling x2  
  103  6:48  Zergling x4  
  98  7:04  Drone  
  98  7:05  Drone x2  
  98  7:06  Mutalisk x5, Zerg Flyer Weapons Level 1  
  98  7:08  Mutalisk  
  111  7:11  Drone x2  
  111  7:12  Extractor  
  114  7:17  Mutalisk  
  116  7:25  Drone x5  
  121  7:30  Overlord  
  121  7:40  Zerg Missile Weapons Level 1  
  121  7:41  Roach  
  121  7:42  Roach x4  
  121  7:43  Roach  
  132  7:44  Hatchery  
  132  7:49  Roach x2  
  135  7:57  Roach x5  
  144  7:58  Ravager x2  
  144  8:01  Ravager  
  144  8:03  Zergling x6  
  149  8:11  Roach  
  149  8:12  Roach x2  
  153  8:16  Overlord x3  
  132  8:30  Roach  
  132  8:31  Roach x7  
  140  8:39  Roach x3  
  122  8:44  Roach x3  
  121  8:53  Roach x2  
  121  8:54  Roach x2  
  121  8:57  Ravager x4  
  121  8:58  Drone  
  121  8:59  Drone x2  
  128  9:03  Ravager x2  
  128  9:05  Roach  
  132  9:10  Roach x3  
  132  9:16  Ravager  
  139  9:19  Zergling x2  
  139  9:20  Zergling x20  
  139  9:23  Zergling x4  
  152  9:27  Roach  
  152  9:28  Ravager x2  
  131  9:33  Roach x2  
  131  9:34  Ravager  
  124  9:42  Roach x5  
Tags
 
Add a new tag
Caveats
  • Supply blocks, unpowered buildings, or Contaminate may cause inaccurate times.
  • Supply counts are checked every 10 seconds.